 Dungeon Crawl Stone Soup version 0.28.0-1-gb440e238dd (webtiles) character file.

Game seed: 11490272315182364698

32 hikkokomori the Digger (level 3, -2/19 HPs)
             Began as a Gargoyle Earth Elementalist on Feb 25, 2022.
             Slain by Robin (5 damage)
             ... on level 1 of the Dungeon.
             The game lasted 00:02:34 (1217 turns).

hikkokomori the Digger (GrEE)                       Turns: 1217, Time: 00:02:35

Health: -2/19      AC:  5    Str: 13    XL:     3   Next: 27%
Magic:  0/7        EV: 11    Int: 15    God:
Gold:   70         SH:  0    Dex: 10    Spells: 1/7 levels left

rFire   . . .      SeeInvis .   d - +0 dagger
rCold   . . .      Faith    .   (no shield)
rNeg    + . .      Spirit   .   b - +0 robe
rPois   ∞          Reflect  .   (no helmet)
rElec   +          Harm     .   e - scarf {+Inv}
rCorr   .          Rampage  .   (no gloves)
Will    .....                   (no boots)
Stlth   ++........              (no amulet)
HPRegen 0.06/turn               (no ring)
MPRegen 0.10/turn               (no ring)

@: no status effects
A: sickness immunity, AC +3, negative energy resistance 1, electricity
resistance, torment resistance 1, petrification resistance
a: Evoke Invisibility


You were on level 1 of the Dungeon.
You visited 1 branch of the dungeon, and saw 2 of its levels.

You collected 70 gold pieces.

Inventory:

Hand Weapons
 d - a +0 dagger (weapon)
Missiles
 c - 34 stones
Armour
 b - a +0 robe (worn)
 e - a scarf of invisibility (worn)
Scrolls
 a - 3 scrolls of teleportation {unknown}
 g - a scroll of enchant weapon {unknown}
 h - 2 scrolls of identify {unknown}
 i - a scroll of fear {unknown}
Potions
 f - a potion of resistance {unknown}


   Skills:
 - Level 1.5 Dodging
 - Level 2.1 Stealth
 + Level 2.7 Spellcasting
 - Level 0.7 Transmutations
 + Level 4.4 Earth Magic


You had one spell level left.
You knew the following spells:

 Your Spells              Type           Power      Damage    Failure   Level
a - Sandblast             Erth           30%        2d9       3%          1
b - Passwall              Tmut/Erth      7%         N/A       11%         2
c - Stone Arrow           Conj/Erth      16%        3d8       24%         3

Your spell library contained the following spells:

 Spells                   Type           Power      Damage    Failure   Level
 Petrify                  Tmut/Erth      9%         N/A       56%         4


Dungeon Overview and Level Annotations

Branches:
Dungeon (2/15)

Altars:

Shops:
D:2 !

Annotations:
D:1 Robin


Innate Abilities, Weirdness & Mutations

You are immune to sickness and miasma.
Your stone body is resilient. (AC +3)
You are immune to poison.
You resist negative energy. (rN+)
You are resistant to electric shocks. (rElec)
You are resistant to unholy torment.
You are immune to petrification.


Message History

The goblin hits you but does no damage.
There is a stone staircase leading up here.
Casting: Sandblast (safe; 3% risk of failure)
Confirm with . or Enter, or press ? or * to list all spells.
Aiming: Sandblast (safe; 3% risk of failure)
Press: ? - help, Shift-Dir - straight line, f - goblin
Aim: a goblin, wielding a +0 dagger (strong, 74% to hit)
The blast of sand hits the goblin!
You kill the goblin!
Unknown command.
Casting: Sandblast (safe; 3% risk of failure)
Confirm with . or Enter, or press ? or * to list all spells.
Aiming: Sandblast (safe; 3% risk of failure)
Press: ? - help, Shift-Dir - straight line, f - Robin
Aim: Robin, wielding a +2 dagger of venom, wearing a +0 animal skin and wearing a +0 helmet (85% to hit)
The blast of sand hits Robin!
Robin is severely wounded.
Robin throws the goblin at you! The goblin barely misses you.
Robin hits you with a +2 dagger of venom.
The goblin hits you with a +0 dagger.
You climb upwards.
There is a stone staircase leading down here.
Casting: Sandblast (safe; 3% risk of failure)
Confirm with . or Enter, or press ? or * to list all spells.
Aiming: Sandblast (safe; 3% risk of failure)
Press: ? - help, Shift-Dir - straight line, f - Robin
Aim: Robin, wielding a +2 dagger of venom, wearing a +0 animal skin and wearing a +0 helmet (heavily wounded, 85% to hit)
The blast of sand hits Robin.
Robin is almost dead.
Robin closely misses you. The goblin hits you with a +0 dagger.
You hit Robin but do no damage.
Robin is almost dead.
Robin hits you with a +2 dagger of venom.
The goblin hits you with a +0 dagger.
* * * LOW HITPOINT WARNING * * *
Unknown command.
You hit Robin but do no damage.
Robin is almost dead.
Robin hits you with a +2 dagger of venom.
You die...

......###.#####..#.#
###.^..#..# #..#.#
####....# #..#.#
####.#####..#.#
#..........#
#.#####..### #######
#.# #..# #.....# #.#
#g.# #.###.###.#
#.@#
#.#.......#####.g#
#.#.#.######.....#
#.....# #.....#
###.### #...#.#
......# ##.##.#
....#.# #.##.#
.####.# #....#
.####.# #.####


You could see Robin and a goblin (strong).

Vanquished Creatures
  3 endoplasms (D:1)
  8 goblins
  7 hobgoblins
  3 ball pythons (D:1)
  2 bats (D:1)
  A frilled lizard (D:1)
  A kobold (D:2)
  3 rats (D:1)
28 creatures vanquished.

Notes
Turn   | Place    | Note
-------+----------+-------------------------------------------
     0 | D:1      | hikkokomori the Gargoyle Earth Elementalist began the quest
                  | for the Orb.
     0 | D:1      | Reached XP level 1. HP: 10/10 MP: 3/3
   288 | D:1      | Reached skill level 4 in Earth Magic
   288 | D:1      | Reached XP level 2. HP: 15/15 MP: 0/5
   976 | D:1      | Reached XP level 3. HP: 14/19 MP: 4/6
  1163 | D:1      | Learned a level 2 spell: Passwall
  1167 | D:1      | Learned a level 3 spell: Stone Arrow
  1190 | D:2      | Found Ibexelam's Distillery.
  1192 | D:2      | Noticed Robin
  1217 | D:1      | Slain by Robin

Illustrated notes

Levels and vault maps discovered:
D:1:      amcnicky_arrival_choice, layout_loops_ring, minmay_cupped
D:2:      layout_loops_cross, ebering_ecumenical_altar_box, serial_shops,
          nicolae_shop_stone, hangedman_abyss_or_decor_stabs, uniq_robin

Skill      XL: |  1 |
---------------+----+-----
Earth Magic    | 4 |  4.4
Dodging        | |  1.5
Stealth        | |  2.1
Spellcasting   | |  2.7
Transmutations | |  0.7

Action                   || total
-------------------------++-------
Melee: Dagger            ||    61
       Unarmed           ||     5
 Cast: Sandblast         ||    21
 Stab: Sleeping          ||     1
Armor: Robe              ||    34
Dodge: Dodged            ||    38
